Map: Sequencer LE

Players

Strange

  • Race: Protoss Protoss
  • Spawn Location: 7:00

Zanster - Winner!

  • Race: Zerg Zerg
  • Spawn Location: 1:00

Event: WCS Valencia 2017

VOD

Have the link to the VOD?

Description

Time

  • Played on: July 13, 2017, 7:41 a.m.
  • Length: 14:48

All games in this series

Show
View Real Time Build Order
Export as new Build Order

Strange Protoss 

Build Orders: 1 Gate Expand, Oracle Opening, Phoenix Opening 

Get SALT Encoding   

  12  0:00  Probe (Chrono Boost)  
  13  0:11  Probe (Chrono Boost)  
  14  0:18  Pylon  
  14  0:22  Probe (Chrono Boost)  
  15  0:36  Probe (Chrono Boost)  
  15  0:38  Gateway  
  16  0:47  Probe (Chrono Boost)  
  16  0:48  Assimilator  
  17  0:57  Probe (Chrono Boost)  
  18  1:08  Probe (Chrono Boost)  
  19  1:22  Nexus  
  19  1:27  Probe (Chrono Boost)  
  20  1:36  Cybernetics Core  
  20  1:38  Probe (Chrono Boost)  
  21  1:44  Assimilator  
  21  1:49  Probe (Chrono Boost)  
  22  1:55  Pylon  
  22  2:00  Probe (Chrono Boost)  
  23  2:13  Probe (Chrono Boost), Adept (Chrono Boost)  
  26  2:18  Stargate  
  26  2:25  Probe  
  26  2:28  Warp Gate  
  27  2:33  Probe  
  28  2:37  Probe, Adept (Chrono Boost)  
  28  2:43  Probe  
  31  2:49  Probe  
  33  2:54  Probe  
  34  3:01  Probe, Adept (Chrono Boost)  
  34  3:04  Probe, Oracle (Chrono Boost)  
  41  3:13  Probe  
  41  3:15  Probe  
  41  3:19  Pylon  
  43  3:25  Probe x2  
  45  3:36  Gateway  
  45  3:37  Probe  
  45  3:38  Gateway, Mothership Core  
  48  3:48  Pylon  
  48  3:49  Probe  
  48  3:51  Phoenix (Chrono Boost)  
  51  3:57  Pylon  
  51  3:58  Probe  
  51  4:01  Probe  
  53  4:08  Probe  
  53  4:14  Probe  
  55  4:19  Probe  
  56  4:24  Nexus  
  56  4:26  Probe  
  56  4:28  Assimilator  
  56  4:30  Assimilator  
  57  4:33  Probe  
  57  4:35  Adept x3  
  64  4:39  Pylon  
  64  4:42  Probe  
  64  4:43  Probe  
  66  4:54  Probe x2  
  66  4:59  Sentry x2  
  72  5:00  Robotics Facility  
  72  5:04  Probe  
  72  5:06  Probe  
  74  5:15  Probe  
  74  5:18  Probe  
  76  5:25  Probe  
  73  5:30  Probe  
  73  5:31  Forge  
  73  5:33  Twilight Council  
  73  5:34  Probe  
  74  5:36  Probe  
  74  5:42  Probe  
  77  5:43  Assimilator  
  77  5:46  Probe x2  
  77  5:48  Assimilator  
  79  5:51  Observer (Chrono Boost)  
  79  5:54  Probe  
  79  5:55  Pylon  
  79  5:56  Pylon  
  81  5:57  Probe, Gateway  
  81  5:58  Probe, Gateway  
  81  6:00  Adept  
  81  6:01  Adept x2  
  89  6:04  Protoss Ground Weapons Level 1  
  87  6:12  Blink  
  87  6:13  Probe, Robotics Bay  
  87  6:14  Probe  
  87  6:16  Probe  
  90  6:20  Immortal (Chrono Boost)  
  90  6:21  Pylon  
  94  6:25  Probe  
  94  6:28  Gateway  
  94  6:30  Gateway  
  94  6:31  Probe  
  96  6:39  Pylon  
  96  6:41  Pylon  
  96  6:44  Sentry  
  96  6:45  Sentry x2  
  102  6:48  Pylon  
  102  6:49  Photon Cannon  
  102  6:51  Pylon  
  102  6:55  Colossus (Chrono Boost)  
  108  7:01  Robotics Facility  
  108  7:06  Extended Thermal Lance (Chrono Boost)  
  108  7:14  Pylon  
  108  7:25  Stalker  
  108  7:26  Stalker x3  
  116  7:36  Stalker  
  118  7:42  Colossus  
  118  7:46  Stalker  
  118  7:47  Stalker  
  118  7:49  Colossus  
  132  8:01  Protoss Ground Weapons Level 2  
  126  8:07  Zealot, Sentry x2  
  126  8:08  Zealot x2  
  126  8:12  Photon Cannon  
  136  8:19  Photon Cannon  
  136  8:26  Sentry x2  
  140  8:28  Photon Cannon  
  140  8:31  Photon Cannon, Warp Prism  
  140  8:34  Photon Cannon  
  140  8:38  Photon Cannon, Stalker x3  
  140  8:39  Stalker  
  140  8:40  Stalker  
  150  9:07  Pylon  
  150  9:08  Pylon  
  150  9:25  Zealot  
  150  9:28  Stalker x6  
  162  9:40  Pylon  
  162  9:42  Pylon  
  162  9:44  Pylon  
  162  9:45  Pylon  
  143  10:03  Zealot x4  
  143  10:04  Zealot x2  
  134  10:24  Zealot x4  
  134  10:25  Zealot  
  117  10:52  Zealot x4  
  94  12:14  Probe  
Show
View Real Time Build Order
Export as new Build Order

Zanster Zerg - Winner!

Build Orders: Hatch First 

Get SALT Encoding   

  12  0:00  Drone  
  13  0:12  Overlord  
  13  0:17  Drone  
  14  0:30  Drone  
  14  0:31  Drone  
  14  0:34  Drone  
  17  0:52  Hatchery  
  17  0:55  Drone  
  17  0:58  Drone  
  18  1:10  Extractor  
  17  1:14  Spawning Pool  
  17  1:17  Drone  
  17  1:20  Drone  
  18  1:28  Drone  
  19  1:40  Drone  
  20  1:50  Overlord  
  20  2:03  Queen  
  20  2:04  Queen  
  20  2:05  Zergling x4  
  26  2:11  Metabolic Boost  
  27  2:15  Drone  
  27  2:16  Drone  
  28  2:23  Drone  
  28  2:29  Drone  
  30  2:37  Hatchery  
  29  2:39  Drone  
  30  2:49  Queen  
  30  2:50  Overlord  
  32  2:53  Drone  
  32  2:54  Drone  
  32  2:58  Drone  
  35  2:59  Drone  
  36  3:07  Overlord  
  36  3:10  Drone  
  36  3:11  Drone  
  36  3:12  Drone  
  38  3:15  Drone  
  38  3:17  Drone  
  40  3:20  Drone x2  
  40  3:23  Drone  
  40  3:26  Drone  
  44  3:31  Drone  
  44  3:32  Queen  
  47  3:38  Overlord  
  47  3:40  Drone  
  48  3:45  Drone  
  48  3:46  Drone x3  
  52  3:51  Spore Crawler  
  52  3:52  Spore Crawler  
  52  3:55  Drone x3  
  53  3:59  Drone  
  53  4:00  Drone x2  
  56  4:03  Drone  
  56  4:04  Drone  
  56  4:07  Drone  
  59  4:13  Overlord  
  59  4:16  Drone x3  
  59  4:19  Drone  
  59  4:20  Drone  
  59  4:22  Drone  
  61  4:24  Overlord  
  61  4:27  Spore Crawler  
  61  4:28  Drone  
  61  4:29  Drone  
  62  4:31  Pneumatized Carapace  
  62  4:34  Overlord  
  62  4:37  Drone  
  63  4:40  Roach Warren, Drone  
  63  4:42  Drone  
  63  4:43  Drone  
  63  4:44  Drone  
  66  4:48  Lair  
  66  4:49  Drone  
  66  4:51  Extractor  
  66  4:52  Extractor  
  65  4:53  Extractor x2, Drone  
  65  4:55  Drone x2  
  65  4:57  Overlord  
  66  5:03  Zergling x10  
  66  5:04  Zergling x2  
  72  5:07  Zergling x4  
  72  5:13  Zergling x8  
  78  5:18  Overlord  
  73  5:23  Evolution Chamber  
  73  5:24  Evolution Chamber, Drone x2  
  71  5:31  Drone x3  
  71  5:32  Drone  
  71  5:33  Drone  
  75  5:38  Drone x2  
  77  5:47  Drone  
  77  5:48  Drone x2  
  80  5:50  Zerg Melee Weapons Level 1, Zerg Missile Weapons Level 1  
  80  5:52  Hydralisk Den  
  80  5:53  Glial Reconstitution  
  80  5:55  Drone  
  80  5:56  Extractor, Drone  
  80  5:58  Overlord  
  79  6:04  Overlord  
  79  6:07  Overlord  
  79  6:08  Drone x4  
  79  6:10  Drone  
  79  6:11  Drone  
  84  6:12  Drone  
  84  6:13  Extractor, Drone  
  84  6:17  Drone  
  84  6:18  Drone x3  
  88  6:19  Drone  
  90  6:30  Muscular Augments  
  90  6:33  Hatchery  
  90  6:35  Overseer  
  90  6:39  Hydralisk x4  
  97  6:43  Hydralisk x2  
  97  6:45  Hydralisk  
  103  6:47  Overlord  
  103  6:53  Hydralisk x3  
  107  6:56  Overlord  
  107  6:58  Hydralisk  
  107  7:00  Hydralisk  
  113  7:09  Hydralisk x4  
  113  7:14  Overlord  
  121  7:15  Overlord  
  121  7:17  Overlord x2  
  121  7:21  Roach x2  
  121  7:22  Roach  
  127  7:27  Spire  
  127  7:29  Roach  
  128  7:33  Roach x3  
  134  7:37  Roach  
  134  7:38  Roach x2  
  134  7:39  Overlord  
  134  7:42  Zergling x2  
  134  7:43  Zergling x6  
  144  7:45  Overseer  
  144  7:48  Zergling x8  
  148  7:57  Zergling x2  
  148  7:58  Zergling x10  
  152  7:59  Zergling x2  
  152  8:00  Spore Crawler, Zergling x2  
  152  8:02  Extractor  
  152  8:04  Zergling x2  
  133  8:15  Zerg Melee Weapons Level 2  
  133  8:16  Zerg Ground Armor Level 1  
  133  8:20  Drone x3  
  133  8:25  Zergling x2, Roach x2  
  133  8:26  Zergling x8  
  145  8:33  Hatchery  
  144  8:36  Zergling x18  
  153  8:42  Overlord  
  153  8:55  Mutalisk x7  
  153  8:56  Mutalisk  
  165  9:03  Mutalisk  
  165  9:04  Mutalisk x2  
  165  9:07  Zerg Flyer Weapons Level 1  
  165  9:12  Zergling x10, Roach  
  165  9:15  Zergling x6  
  174  9:24  Zergling x14  
  171  9:38  Mutalisk x4  
  164  9:39  Mutalisk  
  164  9:40  Mutalisk  
  160  9:52  Mutalisk  
  137  10:12  Zergling x14  
  121  10:34  Drone x3  
  108  10:52  Hatchery  
  103  11:10  Hatchery  
  96  11:27  Mutalisk  
  96  11:28  Mutalisk x4  
  96  11:32  Mutalisk  
  103  11:47  Mutalisk  
  85  12:58  Extractor x2, Drone x2  
  84  12:59  Drone x2  
  84  13:01  Drone x3  
  84  13:02  Extractor x2  
  84  13:03  Drone x2  
  85  13:17  Drone  
  85  13:18  Queen x3  
  92  13:20  Drone  
  92  13:21  Drone  
  94  13:31  Drone x2  
  94  13:32  Drone  
  97  13:37  Drone  
  97  13:38  Drone x2  
  100  13:53  Zergling x2  
  101  13:57  Mutalisk x2  
  101  14:02  Drone x2  
  107  14:03  Mutalisk x2  
  107  14:09  Mutalisk  
  113  14:18  Mutalisk  
Tags
 
Add a new tag
Caveats
  • Supply blocks, unpowered buildings, or Contaminate may cause inaccurate times.
  • Supply counts are checked every 10 seconds.